 Dungeon Crawl Stone Soup version 0.22.1-1-ga44c0e56f4 (webtiles) character file.

53 Mjsee792 the Skirmisher (level 3, -1/36 HPs)
             Began as a Minotaur Berserker on Oct 14, 2018.
             Was a Believer of Trog.
             Slain by an adder (3 damage)
             ... on level 2 of the Dungeon.
             The game lasted 00:01:25 (848 turns).

Mjsee792 the Skirmisher (Minotaur Berserker)         Turns: 848, Time: 00:01:26

Health: -1/36      AC:  2    Str: 21    XL:     3   Next: 62%
Magic:  2/2        EV: 12    Int:  4    God:    Trog [**....]
Gold:   152        SH:  0    Dex: 10    Spells: 2/2 levels left

rFire    . . .     SeeInvis .   a - +0 spear
rCold    . . .     Gourm    .   (no shield)
rNeg     . . .     Faith    .   b - +0 animal skin
rPois    .         Spirit   .   (helmet restricted)
rElec    .         Reflect  .   (no cloak)
rCorr    .         Harm     .   (no gloves)
MR       .....     Clarity  +   (no boots)
Stlth    +.........             (no amulet)
HPRegen  0.12/turn              (no ring)
MPRegen  0.08/turn              (no ring)

@: lethally poisoned (-1 -> -8)
A: retaliatory headbutt, horns 2, clarity, sturdy frame 1
a: Berserk, Trog's Hand, Renounce Religion


You were on level 2 of the Dungeon.
You worshipped Trog.
Trog was pleased with you.
You were not hungry.

You visited 1 branch of the dungeon, and saw 2 of its levels.

You collected 152 gold pieces.

Inventory:

Hand Weapons
 a - a +0 spear (weapon)
Armour
 b - a +0 animal skin (worn)
Jewellery
 d - an uncursed amulet of faith {unknown}
Scrolls
 e - 2 scrolls of identify {unknown}
 f - a scroll of random uselessness {unknown}
Potions
 h - a potion of brilliance {unknown}
Comestibles
 c - 3 rations


   Skills:
 + Level 5.2 Fighting
 - Level 3.6 Polearms
 - Level 2.8 Armour
 - Level 2.4 Dodging


You had 2 spell levels left.
You didn't know any spells.
Your spell library was empty.

Dungeon Overview and Level Annotations

Branches:
Dungeon (2/15)

Altars:


Innate Abilities, Weirdness & Mutations

You reflexively headbutt those who attack you in melee.
You have a pair of horns on your head.
You possess an exceptional clarity of mind.
Your movements are slightly less encumbered by armour. (ER -2)


Message History

You are too injured to fight recklessly!
You hit the leopard gecko.
The leopard gecko is almost dead.
The leopard gecko bites you.
You puncture the leopard gecko!
You kill the leopard gecko!
Trog accepts your kill.
You can now call upon Trog for regeneration and magic resistance.
You closely miss the adder.
You feel sick. The adder bites you.
* * * LOW HITPOINT WARNING * * *
You are more poisoned.
The adder poisons you! The adder bites you.
* * * LOW HITPOINT WARNING * * *
You are more poisoned.
The adder poisons you!
It was a potion of mutation.
You feel extremely strange.
Your thoughts seem clearer.
You feel less encumbered by your armour.
The adder bites you.
You die...

.. ####### #.#
#...<.##...#
#...†....# #.....####
### #.......# ..#
#.....#.#### #.##
#.....#....######..#
##########....@S...###
########....# ##†...#
#...... .....! .<...
..... ####


You could see an adder.

Vanquished Creatures
  An adder (D:2)
  A worm (D:2)
  A dart slug (D:1)
  4 leopard geckos
  4 bats
  A giant cockroach (D:1)
  A goblin (D:1)
  4 hobgoblins
  7 jackals (D:1)
  A quokka (D:2)
  A ball python (D:2)
  2 kobolds (D:1)
  5 rats (D:1)
  A fungus (D:1)
34 creatures vanquished.

Notes
Turn   | Place    | Note
-------+----------+-------------------------------------------
     0 | D:1      | Mjsee792 the Minotaur Berserker began the quest for the
                  | Orb.
     0 | D:1      | Reached XP level 1. HP: 19/19 MP: 0/0
    64 | D:1      | Reached skill level 4 in Fighting
    64 | D:1      | Reached XP level 2. HP: 21/27 MP: 1/1
   572 | D:1      | Reached XP level 3. HP: 34/34 MP: 2/2
   818 | D:2      | Reached skill level 5 in Fighting
   846 | D:2      | Reached ** piety under Trog
   848 | D:2      | Gained mutation: You possess an exceptional clarity of
                  | mind. [potion of mutation]
   848 | D:2      | Gained mutation: Your movements are slightly less
                  | encumbered by armour. (ER -2) [potion of mutation]
   848 | D:2      | Slain by an adder

Skill      XL: |  1  2  3 |
---------------+----------+-----
Fighting       | 4 5 |  5.2
Polearms       | |  3.6
Armour         | |  2.8
Dodging        | |  2.4

Action                   || total
-------------------------++-------
Melee: Spear             ||   101
       Headbutt          ||    12
  Use: Potion            ||     1
 Stab: Sleeping          ||     1
Armor: Animal skin       ||    11
Dodge: Dodged            ||    46
